 Dungeon Crawl Stone Soup version 0.18.1-48-g4cf74bf (webtiles) character file.

23702 Inkary the Fighter (level 12, -5/127 HPs)
             Began as a Minotaur Fighter on July 21, 2016.
             Was a High Priest of Okawaru.
             Slain by a vampire (12 damage)
             ... on level 12 of the Dungeon.
             The game lasted 00:44:19 (14581 turns).

Inkary the Fighter (Minotaur Fighter)              Turns: 14581, Time: 00:44:19

Health: -5/127     AC: 12    Str: 21    XL:     12   Next: 74%
Magic:  12/17      EV: 18    Int:  5    God:    Okawaru [*****.]
Gold:   300        SH:  5    Dex: 13    Spells: 1 memorised, 17 levels left

rFire  . . .     SeeInvis .     W - +3 long sword (elec)
rCold  + . .     Gourm    .     u - +3 leather armour of Instinct {rPois rC+ Stlth+}
rNeg   . . .     Faith    .     p - +0 buckler
rPois  +         Spirit   .     (helmet restricted)
rElec  .         Dismiss  +     (no cloak)
rCorr  .         Reflect  .     h - +0 pair of gloves
SustAt .         Harm     .     F - +2 pair of boots "Neutu" {Slay+2}
MR     +....                    i - amulet of dismissal
Stlth  +++.......               R - ring of stealth
                                t - +4 ring of evasion

@: finesse, somewhat resistant to hostile enchantments, fairly stealthy
A: retaliatory headbutt, horns 2, molten scales 1, deterioration 1, magic
resistance 1, robust 1, screaming 1, weak 1, subdued magic 1, MP-powered wands
a: Heroism, Finesse, Renounce Religion


You were on level 12 of the Dungeon.
You worshipped Okawaru.
Okawaru was extremely pleased with you.
You were hungry.

You visited 3 branches of the dungeon, and saw 15 of its levels.
You also visited: Sewer.

You collected 675 gold pieces.
You spent 375 gold pieces at shops.

Inventory:

Hand Weapons
 a - a cursed +3 scimitar of freezing
 w - a +4 scimitar of flaming
 W - a +3 long sword of electrocution (weapon)
Armour
 h - a +0 pair of gloves (worn)
 p - a +0 buckler (worn)
 u - the +3 leather armour of Instinct (worn) {rPois rC+ Stlth+}
   (You found it on level 4 of the Dungeon)

   It protects you from cold.
   It protects you from poison.
   It makes you more stealthy.
 F - the +2 pair of boots "Neutu" (worn) {Slay+2}
   (You found it on level 6 of the Dungeon)

   It affects your accuracy and damage with ranged weapons and melee attacks
   (+2).
 J - a troll hide
Jewellery
 i - an amulet of dismissal (around neck)
 t - a +4 ring of evasion (left hand)
 B - a +2 ring of dexterity
 P - a +3 ring of intelligence
 R - a ring of stealth (right hand)
 Y - a +6 ring of intelligence
Wands
 y - a wand of iceblast (4/15)
 H - a wand of teleportation (3/9)
Scrolls
 e - 3 scrolls of immolation
 g - 3 scrolls of amnesia
 j - a scroll of enchant weapon
 m - 3 scrolls of remove curse
 n - 2 scrolls of recharging
 q - 3 scrolls of magic mapping
 x - a scroll of fog
 S - a scroll of identify
 T - a scroll of fear
 U - a scroll of random uselessness
Potions
 k - 7 potions of curing
 r - 2 potions of might
 s - 5 potions of brilliance
 A - 2 potions of magic
 C - 3 potions of flight
 G - a potion of degeneration
 I - a potion of haste
 K - 2 potions of lignification
 L - 3 potions of cancellation
 M - a potion of cure mutation {unknown}
 N - a potion of invisibility
 X - a potion of agility
Books
 b - a book of Debilitation

   Spells                             Type                      Level
   a - Corona                         Hexes                        1
   b - Slow                           Hexes                        2
   c - Gell's Gravitas                Hexes/Translocation          3
   d - Inner Flame                    Hexes/Fire                   3
   e - Cause Fear                     Hexes                        4
   f - Leda's Liquefaction            Hexes/Earth                  4
 E - a Grand Grimoire

   Spells                             Type                      Level
   a - Monstrous Menagerie            Summoning                    7
   b - Summon Greater Demon           Summoning                    7
   c - Malign Gateway                 Summoning/Translocation      7
   d - Summon Horrible Things         Summoning                    8
 O - a book of the Tempests

   Spells                             Type                      Level
   a - Static Discharge               Conjuration/Air              3
   b - Lightning Bolt                 Conjuration/Air              5
   c - Fireball                       Conjuration/Fire             5
   d - Tornado                        Air                          9
   e - Shatter                        Earth                        9
 V - a book of Alchemy

   Spells                             Type                      Level
   a - Sublimation of Blood           Necromancy                   2
   b - Ignite Poison                  Fire/Transmutation/Poison    3
   c - Petrify                        Transmutation/Earth          4
   d - Alistair's Intoxication        Transmutation/Poison         5
   e - Irradiate                      Conjuration/Transmutation    5
Miscellaneous
 d - an ornate deck of war {the Blade}
 Q - an ornate deck of summoning {Water}
Comestibles
 f - 7 bread rations
 l - 6 meat rations
 o - 2 beef jerkies
 D - 10 royal jellies


   Skills:
 + Level 13.7 Fighting
 * Level 13.3 Long Blades
 - Level 5.8 Armour
 - Level 5.4 Dodging
 - Level 6.9 Shields
 - Level 4.0 Spellcasting
 - Level 5.0 Hexes
 + Level 4.8 Invocations
 - Level 5.2 Evocations


You had 17 spell levels left.
You knew the following spells:

 Your Spells              Type           Power        Failure   Level  Hunger
a - Slow                  Hex            #.......     8%          2    ###....


Dungeon Overview and Level Annotations

Branches:
Dungeon (13/15)            Temple (1/1) D:6            Lair (1/8) D:9
    Orc (0/2) D:12
 Vaults: D:13-14

Altars:
Ashenzari
Cheibriados
Dithmenos
Elyvilon
Fedhas
Gozag
Kikubaaqudgha
Makhleb
Nemelex Xobeh
Okawaru
Pakellas
Qazlal
Ru
Sif Muna
Trog
Vehumet
Xom
Yredelemnul
Zin
The Shining One

Shops:
D:5 !   D:13 !

Annotations:
D:12 Maud


Innate Abilities, Weirdness & Mutations

You reflexively headbutt those who attack you in melee.
You have a pair of horns on your head.
You are partially covered in molten scales (AC +1).
Your body sometimes deteriorates upon taking damage.
You are resistant to hostile enchantments.
You are robust (+10% HP).
You occasionally shout uncontrollably at your foes.
You are weak. (Str -2)
Your spells are a little easier to cast, but a little less powerful.
You expend magic power (3 MP) to strengthen your wands.


Message History

* * * LOW HITPOINT WARNING * * *
Something closely misses you.
Read which item? (? for menu, Esc to quit)
Okay, then.
Drink which item? (? for menu, Esc to quit)
Okay, then.
You can now deal lightning-fast blows.
You feel somewhat more hungry. Something hits you but does no damage.
Something closely misses you.
You hit something. Your headbutt misses something. You hit something.
Something hits you.
* * * LOW HITPOINT WARNING * * *
Something bites you!
* * * LOW HITPOINT WARNING * * *
Something draws strength from your injuries!
Drink which item? (? for menu, Esc to quit)
You feel better. Something hits you!
* * * LOW HITPOINT WARNING * * *
Something bites you!
You die...

#.............#............#.....
#.............#............#.....
#.............#..###########.....
########......#####...#......####
#......#.......#......#...
#......#.......#......#...
#......#.......#......#...
#......#.......'......#...
#......'.@.....#......#...
########......#{###'###......####
.........#'##..........######## #
.........#..#..........##8###8###
.........#..#..........#...#...#.
.........#..#....................
#######+##..###'######.....)...).
#...#...#....................
#...#...#........))#...#...#.


There were no monsters in sight!

Vanquished Creatures
  3 centaur warriors (D:13)
  3 tengu warriors (D:13)
  3 hill giants
  Pikel (D:5)
  3 cyclopes
  2 ugly things (D:12)
  A manticore (D:12)
  A gargoyle (D:11)
  A spiny frog (Lair:1)
  4 yaktaurs (D:13)
  An efreet (D:11)
  A tengu conjurer (D:13)
  4 trolls
  A two-headed ogre (D:13)
  4 slime creatures
  7 yaks
  2 wyverns
  3 hippogriffs
  2 hungry ghosts (D:12)
  2 vampire mosquitoes (D:12)
  A mottled dragon (D:10)
  2 water moccasins
  A porcupine (Lair:1)
  13 giant frogs
  3 ice beasts
  4 sky beasts
  A black bear (D:9)
  6 orc warriors
  2 phantoms
  A necrophage (D:8)
  5 ogres
  2 wolves (D:9)
  20 centaurs
  5 big kobolds
  A water moccasin zombie (D:10)
  A wyvern skeleton (D:9)
  3 scorpions
  6 jellies
  10 killer bees
  19 wights
  2 crimson imps
  6 human zombies (D:8)
  4 centaur zombies
  A quasit (D:12)
  A giant frog zombie (D:5)
  14 hounds
  6 orc priests
  A giant frog skeleton (D:10)
  A centaur skeleton (D:12)
  A gnoll shaman (D:4)
  A human skeleton (D:8)
  4 iguanas
  19 orc wizards
  14 worker ants
  A hound zombie (D:10)
  2 mummies (D:8)
  A howler monkey skeleton (D:5)
  21 adders
  3 gnolls (D:4)
  12 river rats
  A shadow imp (D:11)
  6 oozes
  2 adder skeletons
  3 dart slugs
  5 giant geckos
  38 orcs
  5 ball pythons
  3 giant cockroaches
  13 goblins
  6 hobgoblins
  5 jackals
  44 kobolds
  4 quokkas
  7 bats
  A giant gecko skeleton (D:6)
  A giant gecko zombie (D:5)
  4 giant newts
  A jackal skeleton (D:4)
  21 rats
440 creatures vanquished.

Vanquished Creatures (others)
  A slave (D:5)
  A giant frog zombie (D:5)
  A centaur zombie (D:5)
  A giant frog skeleton (D:5)
  13 plants (D:4)
17 creatures vanquished.

Grand Total: 457 creatures vanquished

Notes
Turn   | Place    | Note
--------------------------------------------------------------
     0 | D:1      | Inkary the Minotaur Fighter began the quest for the Orb.
     0 | D:1      | Reached XP level 1. HP: 19/19 MP: 0/0
   124 | D:1      | Reached XP level 2. HP: 25/27 MP: 1/1
   405 | D:1      | Reached XP level 3. HP: 24/33 MP: 2/2
  1053 | D:2      | Found a radiant altar of Vehumet.
  1094 | D:2      | Found a stormy altar of Qazlal.
  1283 | D:2      | Reached XP level 4. HP: 41/41 MP: 3/3
  1505 | D:3      | Reached skill level 5 in Fighting
  1575 | D:3      | Found an opulent altar of Gozag.
  1764 | D:3      | Reached XP level 5. HP: 41/48 MP: 4/4
  1852 | D:3      | Found a bloodstained altar of Trog.
  1865 | D:3      | Reached skill level 5 in Armour
  2012 | D:3      | Found a shimmering altar of Xom.
  2205 | D:4      | Noticed an ogre
  2211 | D:4      | Killed an ogre
  2211 | D:4      | Reached XP level 6. HP: 34/57 MP: 5/5
  2447 | D:4      | Found a snail-covered altar of Cheibriados.
  2558 | D:4      | Reached skill level 5 in Long Blades
  2823 | D:4      | Got an ichor-stained leather armour
  2834 | D:4      | Identified the +3 leather armour of Instinct {rPois rC+ Stlth+} (You found it on level 4 of the Dungeon)
  3103 | D:4      | Reached XP level 7. HP: 26/64 MP: 6/6
  3616 | D:5      | Entered Level 5 of the Dungeon
  3643 | D:5      | Noticed Pikel
  3668 | D:5      | Killed Pikel
  3668 | D:5      | Reached skill level 5 in Shields
  3668 | D:5      | Reached XP level 8. HP: 14/73 MP: 7/7
  3825 | D:5      | Found a glowing drain.
  3859 | Sewer    | Entered a sewer
  4643 | D:5      | Found Sokene's Distillery.
  4671 | D:5      | Bought a potion of heal wounds for 75 gold pieces
  4680 | D:5      | Learned a level 2 spell: Slow
  4958 | D:6      | Reached skill level 1 in Evocations
  5137 | D:6      | Reached skill level 1 in Hexes
  5137 | D:6      | Reached XP level 9. HP: 22/83 MP: 7/9
  5710 | D:6      | Found a staircase to the Ecumenical Temple.
  6045 | D:6      | Found a shimmering altar of Xom.
  6069 | D:6      | Gained mutation: You expend magic power (3 MP) to strengthen your wands. [mutagenic meat]
  6070 | D:6      | Gained mutation: You are partially covered in icy blue scales (AC +1). [mutagenic meat]
  6072 | D:6      | Gained mutation: You are partially covered in molten scales (AC +1). [mutagenic meat]
  6073 | D:6      | Gained mutation: Your body sometimes deteriorates upon taking damage. [mutagenic meat]
  6175 | D:6      | Got a pair of shimmering boots
  6198 | Temple   | Entered the Ecumenical Temple
  6408 | D:7      | Found a sparkling altar of Nemelex Xobeh.
  6470 | D:7      | Found an iron altar of Okawaru.
  6471 | D:7      | Found an oddly glowing altar of Pakellas.
  6560 | D:7      | Found a white marble altar of Elyvilon.
  6560 | D:7      | Found a blossoming altar of Fedhas.
  6567 | D:7      | Became a worshipper of Warmaster Okawaru
  6610 | D:8      | Identified the +2 pair of boots "Neutu" {Slay+2} (You found it on level 6 of the Dungeon)
  6797 | D:8      | Reached skill level 10 in Fighting
  6801 | D:8      | Found a sparkling altar of Nemelex Xobeh.
  6811 | D:8      | Found a glowing golden altar of the Shining One.
  6881 | D:7      | Reached * piety under Okawaru
  7034 | D:7      | Reached XP level 10. HP: 77/93 MP: 12/12
  7606 | D:8      | Found an ancient bone altar of Kikubaaqudgha.
  7883 | D:9      | Reached ** piety under Okawaru
  7906 | D:9      | Found a staircase to the Lair.
  7921 | D:9      | Reached skill level 10 in Long Blades
  8039 | Lair:1   | Entered Level 1 of the Lair of Beasts
  8049 | Lair:1   | Noticed a spiny frog
  8059 | Lair:1   | Reached skill level 5 in Evocations
  8063 | Lair:1   | Killed a spiny frog
  8108 | Lair:1   | Noticed a black mamba
  8331 | D:9      | Found a shadowy altar of Dithmenos.
  8730 | D:9      | Reached skill level 1 in Invocations
  8882 | D:9      | Found a deep blue altar of Sif Muna.
  8952 | D:10     | Entered Level 10 of the Dungeon
  9031 | D:10     | Reached *** piety under Okawaru
  9692 | D:10     | Reached XP level 11. HP: 102/102 MP: 13/13
  9763 | D:10     | Noticed a hill giant
  9800 | D:10     | Reached **** piety under Okawaru
  9812 | D:10     | Killed a hill giant
  9824 | D:10     | Gained mutation: You are robust (+10% HP). [mutagenic meat]
  9825 | D:10     | Gained mutation: Your spells are a little easier to cast, but a little less powerful. [mutagenic meat]
  9826 | D:10     | Gained mutation: You occasionally shout uncontrollably at your foes. [mutagenic meat]
  9856 | D:10     | Lost mutation: You are partially covered in icy blue scales (AC +1). [mutagenic meat]
 10576 | D:11     | Noticed a hill giant
 10583 | D:11     | Killed a hill giant
 11911 | D:11     | Noticed a hill giant
 11920 | D:11     | Killed a hill giant
 11936 | D:11     | Reached skill level 1 in Dodging
 11954 | D:11     | Reached skill level 5 in Hexes
 12108 | D:12     | Reached ***** piety under Okawaru
 12183 | D:12     | Noticed a red ugly thing
 12190 | D:12     | Killed a red ugly thing
 12243 | D:12     | Reached skill level 1 in Spellcasting
 12366 | D:12     | Noticed a purple ugly thing
 12386 | D:12     | Killed a purple ugly thing
 12631 | D:12     | Found a staircase to the Orcish Mines.
 12873 | D:12     | Reached XP level 12. HP: 124/124 MP: 14/14
 13261 | D:13     | Noticed a centaur warrior
 13262 | D:13     | Noticed a tengu warrior
 13281 | D:13     | Killed a centaur warrior
 13293 | D:13     | Killed a tengu warrior
 13341 | D:13     | Noticed a centaur warrior
 13409 | D:13     | Reached skill level 5 in Dodging
 13437 | D:13     | Killed a centaur warrior
 13698 | D:13     | Noticed a tengu warrior
 13699 | D:13     | Noticed a tengu warrior
 13708 | D:13     | Killed a tengu warrior
 13716 | D:13     | Killed a tengu warrior
 13864 | D:13     | Reached ****** piety under Okawaru
 13869 | D:13     | Noticed a centaur warrior
 13882 | D:13     | Killed a centaur warrior
 13946 | D:13     | Gained mutation: You are resistant to hostile enchantments. [mutagenic meat]
 13947 | D:13     | Gained mutation: You are weak. (Str -2) [mutagenic meat]
 13962 | D:13     | Received a gift from Okawaru
 14147 | D:13     | Found Ynaaqap's Distillery.
 14155 | D:13     | Bought 2 potions of curing for 72 gold pieces
 14155 | D:13     | Bought a potion of curing for 36 gold pieces
 14155 | D:13     | Bought a potion of curing for 36 gold pieces
 14155 | D:13     | Bought a potion of agility for 48 gold pieces
 14155 | D:13     | Bought a potion of curing for 36 gold pieces
 14155 | D:13     | Bought 2 potions of curing for 72 gold pieces
 14472 | D:13     | Noticed Maud
 14496 | D:12     | HP: 5/127 [Maud/eveningstar of venom (35)]
 14580 | D:12     | HP: 3/127 [something (7)]
 14581 | D:12     | Slain by a vampire

Skill      XL: |  1  2  3  4  5  6  7  8  9 10 11 12 |
---------------+-------------------------------------+-----
Fighting       | 4 5 6 7 9 10 11 12 13 | 13.7
Long Blades    | 3 4 5 6 8 9 11 12 13 | 13.3
Armour         | 4 5 |  5.8
Shields        | 5 6 |  6.9
Evocations     | 1 4 5 |  5.2
Hexes          | 1 3 4 5 |  5.0
Invocations    | 2 4 |  4.8
Dodging        | 4 5 |  5.4
Spellcasting   | 1 4 |  4.0

Action                   |  1- 3 |  4- 6 |  7- 9 | 10-12 || total
-------------------------+-------+-------+-------+-------++-------
Melee: Long sword        |    78 |    43 |       |    38 ||   159
       Headbutt          |     8 |    27 |    98 |   184 ||   317
       Falchion          |       |   102 |   441 |   436 ||   979
       Scimitar          |       |       |       |   246 ||   246
 Cast: Slow              |       |       |       |     1 ||     1
Invok: Heroism           |       |       |       |     4 ||     4
       Finesse           |       |       |       |     1 ||     1
  Use: Scroll            |       |     8 |     7 |    17 ||    32
       Potion            |       |     4 |       |    11 ||    15
 Stab: Sleeping          |       |       |     9 |    11 ||    20
       Distracted        |       |       |       |     2 ||     2
  Eat: Chunk             |     1 |     5 |    18 |    30 ||    54
       Fruit             |       |       |       |     4 ||     4
       Royal jelly       |       |       |       |     1 ||     1
Armor: Scale mail        |    40 |    42 |       |       ||    82
       Leather armour    |       |     6 |   114 |   208 ||   328
Dodge: Dodged            |    22 |    72 |   286 |   398 ||   778
Block: Shield            |    38 |     3 |       |       ||    41
       Buckler           |       |    30 |   112 |   153 ||   295
